 Dungeon Crawl Stone Soup version 0.32-a0-909-gc671339a80 (webtiles) character file.

Game seed: 6656203366268128594

1635 Twinkles the Mimic (level 8, -1/52 HPs)
             Began as an Octopode Brigand on Apr 6, 2024.
             Was an Initiate of Beogh.
             Slain by a sky beast (3 damage)
             ... on level 6 of the Dungeon.
             The game lasted 00:14:33 (4895 turns).

Twinkles the Mimic (Octopode Brigand)               Turns: 4895, Time: 00:14:33

Health: -1/52      AC:  1    Str: 12    XL:     8   Next: 98%
Magic:  8/8        EV: 12    Int: 14    God:    Beogh [......]
Gold:   215        SH:  0    Dex: 13    Spells: 7/7 levels left

rFire   . . .        a - +2 dagger
rCold   . . .        (no shield)
rNeg    . . .        (helmet currently unavailable)
rPois   .            (no amulet)
rElec   .            (no ring)
rCorr   .            (no ring)
SInv    .            (no ring)
Will    .....        (no ring)
Stlth   ++++         (no ring)
HPRegen 0.28/turn    (no ring)
MPRegen 0.11/turn    (no ring)
                     (no ring)

%: no passive effects
@: beast-form
A: beast (slay +4), almost no armour, amphibious, 8 rings, camouflage 1,
gelatinous body 1, (nimble swimmer 1), tentacles
a: Begin Untransformation, Renounce Religion


You were on level 6 of the Dungeon.
You worshipped Beogh.
Beogh was noncommittal.
You were a hulking beast.
You visited 1 branch of the dungeon, and saw 6 of its levels.

You collected 215 gold pieces.

Inventory:

Hand Weapons
 a - a +2 dagger (weapon)
Missiles
 b - 11 poisoned darts (quivered)
 c - 2 curare-tipped darts
Talismans
 r - a maw talisman
 t - a beast talisman (active)
Wands
 d - a wand of digging (7)
Scrolls
 e - 2 scrolls of fear {unknown}
 f - 2 scrolls of noise
 g - 3 scrolls of teleportation {unknown}
 h - a scroll of fog {unknown}
 k - 2 scrolls of acquirement {unknown}
 l - a scroll of poison {unknown}
 n - 2 scrolls of enchant weapon {unknown}
 p - 2 scrolls of brand weapon {unknown}
 q - a scroll of blinking {unknown}
 K - a scroll of immolation
Potions
 A - 2 potions of attraction
 H - a potion of haste
 J - 2 potions of curing
 R - a potion of resistance


   Skills:
 - Level 3.4 Fighting
 - Level 2.0 Short Blades
 - Level 2.0 Throwing
 - Level 3.0 Dodging
 - Level 6.8 Stealth
 - Level 2.7 Unarmed Combat
 + Level 8.4 Shapeshifting


You had 7 spell levels left.
You didn't know any spells.
Your spell library contained the following spells:

 Spells                   Type           Power      Damage    Failure   Level
 Jinxbite                 Hex            0%         N/A       41%         2
 Hailstorm                Conj/Ice       0%         3d5       65%         3
 Summon Ice Beast         Ice/Summ       0%         N/A       65%         3
 Passage of Golubria      Tloc           0%         N/A       96%         4
 Silence                  Hex/Air        0%         N/A       100%        5
 Summon Forest            Summ/Tloc      0%         N/A       100%        5
 Yara's Violent Unravell  Hex/Alch       0%         3d3       100%        5
 Eringya's Noxious Bog    Alch           0%         4d6       100%        6
 Permafrost Eruption      Ice/Erth       0%         2x4d1     100%        6
 Sculpt Simulacrum        Ice/Alch       0%         N/A       100%        6
 Enfeeble                 Hex            0%         N/A       100%        7
 Summon Hydra             Summ           0%         N/A       100%        7
 Lehudib's Crystal Spear  Conj/Erth      0%         10d2      100%        8


Dungeon Overview and Level Annotations

Branches:
Dungeon (6/15) Zot: 26000  Temple (0/1) D:5

Altars:
Fedhas
Makhleb
Nemelex Xobeh
The Shining One

Shops:
D:2 [   D:5 [   D:6 =

Annotations:
D:6 Eustachio, Jeremiah


Innate Abilities, Weirdness & Mutations

You are a hulking beast.
Your limbs bulge with bestial killing power. (Slay +4)
You cannot wear most types of armour.
You are amphibious.
You can wear up to eight rings at the same time.
Your skin changes colour to match your surroundings (Stealth+).
Your rubbery body absorbs attacks. (AC +1, EV +1)
((You are camouflaged when in or above water. (Stealth+)))
You have tentacles for arms and can constrict up to eight enemies at once.


Message History

You hit the sky beast but do no damage.
The sky beast is lightly wounded.
The sky beast hits you. The sky beast shocks you.
You are too injured to fight recklessly!
You are too injured to fight recklessly!
You hit the sky beast.
The sky beast is lightly wounded.
The sky beast hits you but does no damage.
You miss the sky beast.
The sky beast is lightly wounded.
The sky beast barely misses you.
You hit the sky beast but do no damage.
The sky beast is lightly wounded.
The sky beast barely misses you.
You hit the sky beast.
The sky beast is moderately wounded.
The sky beast hits you. The sky beast shocks you.
You hit the sky beast. Your squeeze misses the sky beast.
The sky beast is moderately wounded.
The sky beast hits you. The sky beast shocks you.
You hit the sky beast.
The sky beast is moderately wounded.
The sky beast flickers out of sight!
Deactivating autopickup; reactivate with Ctrl-A.
Something hits you. Something shocks you.
* * * LOW HITPOINT WARNING * * *
You miss something. You squeeze something. Something hits you.
* * * LOW HITPOINT WARNING * * *
Something shocks you.
* * * LOW HITPOINT WARNING * * *
You feel better. Something hits you.
* * * LOW HITPOINT WARNING * * *
Something shocks you.
* * * LOW HITPOINT WARNING * * *
You completely miss something. You miss something.
Your squeeze misses something. Something hits you but does no damage.
Jeremiah shouts!
You hit something but do no damage. Something hits you.
You die...

###### .....#
.###.# .###.#
.....# .#...##
######### ......#
#.......#
.....#####.#####.#
..........<# #h#
##..########
##{### ###.#
#....# ≈≈#'##
#..#.# ∩≈...##
#.(#F# ≈≈....#
..(. . .......#
.#..# #. ........#
....(. ..
....>...+ .. ...#
..


You could see Jeremiah.

Vanquished Creatures
  Pikel (D:5)
  Grinder (D:6)
  A water moccasin (D:6)
  A black bear (D:4)
  An ice beast (D:6)
  2 phantoms
  3 lemures
  3 scorpions
  A howler monkey (D:5)
  3 bombardier beetles
  A jelly (D:5)
  3 iguanas
  7 adders
  2 dart slugs (D:1)
  2 ribbon worms (D:3)
  4 orcs
  10 ball pythons
  5 bats
  9 endoplasms
  2 giant cockroaches (D:1)
  6 goblins
  5 hobgoblins
  3 jackals (D:1)
  3 quokkas
  3 frilled lizards
  5 kobolds
  6 rats
93 creatures vanquished.

Vanquished Creatures (others)
  An endoplasm (D:4)
1 creature vanquished.

Grand Total: 94 creatures vanquished

Notes
Turn   | Place    | Note
-------+----------+-------------------------------------------
     0 | D:1      | Twinkles the Octopode Brigand began the quest for the Orb.
     0 | D:1      | Reached XP level 1. HP: 14/14 MP: 1/1
    85 | D:1      | Reached XP level 2. HP: 15/19 MP: 2/2
   282 | D:1      | Reached skill level 1 in Unarmed Combat
   378 | D:1      | Reached XP level 3. HP: 25/25 MP: 3/3
   987 | D:2      | Found Apui's Antique Armour Shoppe.
  1000 | D:2      | Found a blossoming altar of Fedhas.
  1046 | D:2      | Reached XP level 4. HP: 30/30 MP: 4/4
  1351 | D:2      | Found Ako Kekh's Antique Weapon Shop.
  1411 | D:3      | Found a faded altar of an unknown god.
  1967 | D:4      | Noticed a black bear
  1989 | D:4      | Killed a black bear
  1990 | D:4      | Reached XP level 5. HP: 26/36 MP: 5/5
  2185 | D:4      | Became a worshipper of Beogh the Shepherd
  2434 | D:4      | Found a sparkling altar of Nemelex Xobeh.
  2495 | D:4      | Reached XP level 6. HP: 42/42 MP: 6/6
  2891 | D:5      | Entered Level 5 of the Dungeon
  2917 | D:5      | Found Eqassips's Armour Shop.
  2943 | D:5      | Reached skill level 1 in Shapeshifting
  2979 | D:5      | Reached skill level 2 in Shapeshifting
  3131 | D:5      | Reached skill level 3 in Shapeshifting
  3131 | D:5      | Reached XP level 7. HP: 46/46 MP: 7/7
  3264 | D:5      | Found a staircase to the Ecumenical Temple.
  3300 | D:5      | Reached skill level 4 in Shapeshifting
  3445 | D:5      | Found a glowing golden altar of the Shining One.
  3545 | D:5      | Noticed Pikel
  3849 | D:5      | Killed Pikel
  3850 | D:5      | Reached skill level 6 in Shapeshifting
  3850 | D:5      | Reached XP level 8. HP: 47/52 MP: 8/8
  4006 | D:6      | Noticed Eustachio
  4037 | D:6      | Reached skill level 7 in Shapeshifting
  4139 | D:6      | Found a burning altar of Makhleb.
  4562 | D:6      | Found Qeujedapn's Jewellery Emporium.
  4626 | D:6      | Noticed Grinder
  4632 | D:6      | HP: 15/52 [Grinder (7)]
  4633 | D:6      | Killed Grinder
  4634 | D:6      | Reached skill level 8 in Shapeshifting
  4636 | D:6      | Noticed Jeremiah
  4890 | D:6      | HP: 13/52 [something (5)]
  4891 | D:6      | HP: 4/52 [something (6)]
  4895 | D:6      | Slain by a sky beast

Illustrated notes

Levels and vault maps discovered:
D:1:      ebering_hopf_link, layout_loops_cross, minmay_misc_feat_iff,
          minmay_strange_pillars, hangedman_decor_growths,
          chequers_serial_rivers_room_b, minmay_tree_intersection
D:2:      layout_rooms, serial_shops, nicolae_shop_real_fake_doors, shop,
          basic_altar, serial_bayou_ford_a
D:3:      layout_basic, hellmonk_ecumenical_altar_blasted,
          chequers_serial_rivers_large_a
D:4:      layout_loops_ring, nemelex_dance_club_becter, serial_rivers,
          chequers_serial_rivers_micro_a, chequers_serial_rivers_small_b,
          chequers_serial_rivers_micro_d, chequers_serial_rivers_micro_c,
          chequers_serial_rivers_marsh, chequers_serial_rivers_micro_a
D:5:      cheibrodos_helix_gallery, layout_rooms, mainiacjoe_overflow_boulevard,
          minmay_temple_entry_wispy, serial_shops, shop, uniq_pikel
D:6:      layout_loops_corners, mainiacjoe_overflow_alcove_1, serial_shops,
          nicolae_shop_tiny_waterfront, st_stairs_2, uniq_jeremiah,
          uniq_eustachio, uniq_grinder

Skill      XL: |  1  2  3  4  5  6  7  8 |
---------------+-------------------------+-----
Unarmed Combat | 1 2 |  2.7
Dodging        | 2 3 |  3.0
Stealth        | 6 |  6.8
Fighting       | 3 |  3.4
Shapeshifting  | 3 6 8 |  8.4
Short Blades   | |  2.0
Throwing       | |  2.0

Action                     |  1- 3 |  4- 6 |  7- 9 || total
---------------------------+-------+-------+-------++-------
  Melee: Dagger            |    59 |    89 |    84 ||   232
         Tentacles         |     8 |    14 |    18 ||    40
         Constrict         |    11 |    15 |     9 ||    35
  Throw: Dart              |       |     6 |    15 ||    21
 Invoke: Convert to Beogh  |       |     1 |       ||     1
    Use: Scroll            |       |       |     5 ||     5
         Potion            |       |       |     1 ||     1
   Stab: Sleeping          |    13 |    17 |     1 ||    31
         Distracted        |       |       |     1 ||     1
 Armour: Skin              |    29 |    34 |    41 ||   104
  Dodge: Dodged            |    18 |    39 |    25 ||    82
   Form: Beast             |       |     1 |       ||     1

Table legend: (Time is in decaauts)
 A = Elapsed time spent in this place.
 B = Non-inter-level travel time spent in this place.
 C = Inter-level travel time spent in this place.
 D = Time resting spent in this place.
 E = Time spent auto-exploring this place.
 F = Levels seen in this place.
 G = Mean time per level.
                   A        B        C        D        E       F      G
               +--------+--------+--------+--------+--------+-----+--------+
         Total |   4872 |   4637 |    235 |    562 |   3109 |   6 |  812.0 |
       Dungeon |   4872 |   4637 |    235 |    562 |   3109 |   6 |  812.0 |
               +--------+--------+--------+--------+--------+-----+--------+

Top non-repeatable levels by time:
     D:4: 1117 daAuts
     D:5: 956 daAuts
     D:6: 843 daAuts
     D:1: 831 daAuts
     D:3: 567 daAuts
     D:2: 556 daAuts
